 Dungeon Crawl Stone Soup version 0.25-a0-292-gaa31f046c4 (webtiles) character file.

Game seed: 658028216540733128, levelgen mode: deterministic

81 Lanoc the Covered (level 4, -10/42 HPs)
             Began as a Tengu Fighter on Dec 15, 2019.
             Mangled by an ice beast (14 damage)
             ... on level 6 of the Dungeon.
             The game lasted 00:03:02 (2049 turns).

Lanoc the Covered (Tengu Fighter)                   Turns: 2049, Time: 00:03:03

Health: -10/42     AC: 22    Str: 22    XL:     4   Next: 40%
Magic:  5/5        EV:  2    Int:  8    God:
Gold:   110        SH:  9    Dex: 14    Spells: 3/3 levels left

rFire    . . .     SeeInvis .   a - +0 long sword
rCold    . . .     Gourm    .   c - +0 shield
rNeg     + + +     Faith    .   (armour currently unavailable)
rPois    +         Spirit   .   (helmet currently unavailable)
rElec    .         Reflect  .   (cloak currently unavailable)
rCorr    .         Harm     .   (gloves currently unavailable)
MR       .....     NoTele   +   (boots unavailable)
Stlth    +.........             (no amulet)
HPRegen  0.14/turn              (no ring)
MPRegen  0.09/turn              (no ring)

@: mighty, tree-form
A: no striking features
a: no special abilities


You were on level 6 of the Dungeon.
You were not hungry.
You were a tree.
You visited 1 branch of the dungeon, and saw 4 of its levels.

You collected 110 gold pieces.

Inventory:

Hand Weapons
 a - a +0 long sword (weapon)
Missiles
 b - 25 sling bullets
 h - 35 arrows
 i - 32 bolts
Armour
 c - a +0 shield (worn)
 q - a +0 scale mail (melded)
Scrolls
 e - 2 scrolls of identify
 m - 2 scrolls of magic mapping
Potions
 o - a potion of heal wounds {unknown}
 p - a potion of mutation
Comestibles
 f - 4 rations
 r - 5 chunks of flesh


   Skills:
 + Level 3.4 Fighting
 * Level 3.5 Long Blades
 + Level 3.9 Armour
 + Level 3.4 Shields


You had 3 spell levels left.
You didn't know any spells.
Your spell library was empty.

Dungeon Overview and Level Annotations

Branches:
Dungeon (3/15)             Temple (0/1) D:6

Altars:

Annotations:
D:6 Eustachio


Innate Abilities, Weirdness & Mutations

((You have a beak for a mouth.))
((You have claws for feet.))


Message History

It was a potion of lignification.
You turn into a tree.
Your +0 scale mail melds into your body.
Your roots penetrate the ground.
Eustachio gestures wildly while chanting.
Eustachio blinks!
The scorpion stings you but does no damage.
You block the ice beast's attack.
It was a potion of curing.
You feel better.
Eustachio mumbles some strange words.
The scorpion stings you but does no damage.
The ice beast hits you.
* * * LOW HITPOINT WARNING * * *
The ice beast freezes you.
* * * LOW HITPOINT WARNING * * *
It was a potion of magic.
Magic courses through your body. Eustachio hits you but does no damage.
You block the scorpion's attack. The ice beast hits you.
* * * LOW HITPOINT WARNING * * *
The ice beast freezes you!
You die...

,,,,,,,..#.###..........#
,,,,,,,,,#*##..........##
,,,,,,,,,,,..........###
,,,,,,*,,,.....##.....#
,,**,***.......##....##
,,,,,,**.##....##...##
,,**,***,,#....#§5.##
,,**,***,,***,*#Ys55#
,,*,,,,,,,,****#♣@###
*,,,,**,,*** ####
**,,****** *,,,* ,,,,*
,,,,* ,,,,* *,,,* *****


You could see Eustachio, an ice beast, a scorpion, a quasit, a crimson imp and a
shadow imp.

Vanquished Creatures
  An orc wizard (D:3)
  An ooze (D:1)
  2 dart slugs (D:1)
  A leopard gecko (D:2)
  4 orcs
  7 bats
  A giant cockroach (D:1)
  4 goblins
  3 hobgoblins
  3 jackals (D:1)
  2 quokkas (D:2)
  A frilled lizard (D:2)
  8 kobolds
  5 rats
43 creatures vanquished.

Notes
Turn   | Place    | Note
-------+----------+-------------------------------------------
     0 | D:1      | Lanoc the Tengu Fighter began the quest for the Orb.
     0 | D:1      | Reached XP level 1. HP: 14/14 MP: 2/2
    76 | D:1      | Reached XP level 2. HP: 13/19 MP: 3/3
   279 | D:1      | Reached XP level 3. HP: 15/23 MP: 4/4
  1877 | D:3      | Reached XP level 4. HP: 9/28 MP: 5/5
  2020 | D:3      | You fall into a shaft and drop 3 floors!
  2020 | D:6      | Noticed Eustachio
  2021 | D:6      | Noticed an ice beast
  2049 | D:6      | Mangled by an ice beast

Levels and vault maps discovered:
D:1:      dpeg_arrival_long_road, layout_loops_ring
D:2:      layout_basic
D:3:      layout_rooms
D:6:      layout_cave_pools, lemuel_zombie_altar_yredelemnul,
          minmay_temple_entry_purple_smoke, serial_shops, shop,
          nicolae_dithmenos_shadow_blocks, uniq_eustachio

Skill      XL: |  1  2  3 |
---------------+----------+-----
Long Blades    | 3 |  3.5
Fighting       | |  3.4
Armour         | |  3.9
Shields        | |  3.4

Action                   |  1- 3 |  4- 6 || total
-------------------------+-------+-------++-------
Melee: Long sword        |    92 |     5 ||    97
       Kick              |    16 |     2 ||    18
       Peck              |    13 |       ||    13
  Use: Scroll            |       |     4 ||     4
       Potion            |       |     4 ||     4
  Eat: Chunk             |     3 |     1 ||     4
Armor: Scale mail        |    39 |     3 ||    42
       Skin              |       |     2 ||     2
Dodge: Dodged            |    29 |     2 ||    31
Block: Shield            |    43 |     6 ||    49
       Rpst.: Long sword |     9 |     1 ||    10

Table legend:
 A = Non-vault XP
 B = Vault XP
 C = Vault XP percentage of total XP
 D = Non-vault monster count
 E = Vault monster count
 F = Vault count percentage of total count
                 A         B        C        D         E       F
            +---------+---------+-------+---------+---------+-------
      Total |     116 |       0 |   0.0 |      43 |       0 |   0.0
            +---------+---------+-------+---------+---------+-------
        D:1 |      47 |       0 |   0.0 |      24 |       0 |   0.0
        D:2 |      23 |       0 |   0.0 |      14 |       0 |   0.0
        D:3 |      46 |       0 |   0.0 |       5 |       0 |   0.0
            +---------+---------+-------+---------+---------+-------
